 Dungeon Crawl Stone Soup version 0.24-a0-123-ga2403f3307 (webtiles) character file.

Game seed: 0

333 MrRokkomies the Skirmisher (level 6, -2/53 HPs)
             Began as a Gnoll Wanderer on Feb 20, 2019.
             Slain by a gnoll
             ... wielding a +0 spear
              (5 damage)
             ... on level 3 of the Dungeon.
             The game lasted 00:08:32 (2244 turns).

MrRokkomies the Skirmisher (Gnoll Wanderer)         Turns: 2244, Time: 00:08:33

Health: -2/53      AC:  6    Str: 13    XL:     6   Next: 52%
Magic:  14/14      EV: 12    Int: 17    God:
Gold:   119        SH:  2    Dex: 15    Spells: 11/15 levels left

rFire    . . .     SeeInvis .   a - +1 falchion
rCold    . . .     Gourm    .   (no shield)
rNeg     . . .     Faith    .   r - +0 ring mail
rPois    .         Spirit   .   (no helmet)
rElec    .         Reflect  +   (no cloak)
rCorr    .         Harm     .   k - +0 pair of gloves
MR       .....                  (no boots)
Stlth    ++........             p - +2 amulet of reflection
HPRegen  0.17/turn              (no ring)
MPRegen  0.14/turn              (no ring)

@: no status effects
A: distributed training, fangs 1, strong nose
a: no special abilities


You were on level 3 of the Dungeon.
You were completely stuffed.

You visited 1 branch of the dungeon, and saw 3 of its levels.

You collected 119 gold pieces.

Inventory:

Hand Weapons
 a - a +1 falchion (weapon)
 b - a +2 blowgun
 o - a +0 hunting sling
Missiles
 c - 2 curare-tipped needles
 j - 21 poisoned needles
 m - 4 tomahawks (quivered)
Armour
 k - a +0 pair of gloves (worn)
 r - a +0 ring mail (worn)
Jewellery
 i - an uncursed amulet of the gourmand
 p - a +2 amulet of reflection (around neck)
Scrolls
 g - a scroll of blinking {unknown}
 h - 4 scrolls of identify
 l - 3 scrolls of amnesia
 n - a scroll of magic mapping {unknown}
Potions
 d - a potion of heal wounds
 e - a potion of berserk rage {unknown}
 q - 2 potions of lignification
Comestibles
 f - 6 rations


   Skills:
 + Level 6.8 Fighting
 + Level 2.0 Short Blades
 + Level 3.2 Long Blades
 + Level 2.0 Axes
 + Level 2.0 Maces & Flails
 + Level 2.0 Polearms
 + Level 2.0 Staves
 + Level 2.0 Slings
 + Level 2.0 Bows
 + Level 2.0 Crossbows
 + Level 3.2 Throwing
 + Level 2.0 Armour
 + Level 3.2 Dodging
 + Level 3.1 Stealth
 + Level 2.0 Shields
 + Level 2.0 Unarmed Combat
 + Level 5.3 Spellcasting
 + Level 1.5 Conjurations
 + Level 1.5 Hexes
 + Level 2.6 Charms
 + Level 1.5 Summonings
 + Level 1.5 Necromancy
 + Level 1.5 Translocations
 + Level 1.5 Transmutations
 + Level 1.5 Fire Magic
 + Level 1.5 Ice Magic
 + Level 1.5 Air Magic
 + Level 1.5 Earth Magic
 + Level 1.5 Poison Magic
 + Level 2.1 Invocations
 + Level 2.0 Evocations


You had 11 spell levels left.
You knew the following spells:

 Your Spells              Type           Power        Failure   Level  Hunger
a - Shock                 Conj/Air       #...         16%         1    None
b - Mephitic Cloud        Conj/Pois/Air  #.......     43%         3    ##.....

Your spell library contained the following spells:

 Spells                   Type           Power        Failure   Level  Hunger


Dungeon Overview and Level Annotations

Branches:
Dungeon (3/15)

Altars:
Elyvilon
Kikubaaqudgha
Makhleb
Xom


Innate Abilities, Weirdness & Mutations

Your experience applies equally to all skills.
You have very sharp teeth.
Your uncanny sense of smell can sniff out nearby items.


Message History

The gnoll is lightly wounded.
The gnoll hits you but does no damage.
You hit the gnoll but do no damage.
The gnoll is lightly wounded.
The gnoll hits you with a +0 spear.
* * * LOW HITPOINT WARNING * * *
You hit the gnoll but do no damage.
The gnoll is lightly wounded.
The gnoll hits you but does no damage.
You hit the gnoll.
The gnoll is moderately wounded.
The gnoll hits you with a +0 spear.
* * * LOW HITPOINT WARNING * * *
You hit the gnoll.
The gnoll is severely wounded.
The gnoll misses you.
You hit the gnoll.
The gnoll is severely wounded.
The gnoll hits you with a +0 spear.
You die...

. # .## .# # ..#
.# #. #.#..#
#..##.#..#
#........# #.# #g#
#@# #)#### ...
#.)..# #.#
####.########.####
#........#.##..
#..####.....#.#
#..####..#.....
#.........#.#..
##.####........


You could see a gnoll.

Vanquished Creatures
  Sigmund (D:2)
  6 gnolls (D:3)
  4 adders
  A dart slug (D:1)
  2 leopard geckos
  8 orcs
  8 bats
  3 giant cockroaches (D:1)
  8 goblins
  7 hobgoblins
  4 jackals
  4 kobolds
  A ball python (D:1)
  4 frilled lizards
  6 rats
67 creatures vanquished.

Notes
Turn   | Place    | Note
-------+----------+-------------------------------------------
     0 | D:1      | MrRokkomies the Gnoll Wanderer began the quest for the Orb.
     0 | D:1      | MrRokkomies set off with the following items: 2
                  | curare-tipped needles, a +2 blowgun, a +0 falchion, a +0
                  | robe, a ration; and the following spell memorised: Shock;
                  | and the following spells available to memorise: Mephitic
                  | Cloud
     0 | D:1      | Reached XP level 1. HP: 23/23 MP: 6/6
   172 | D:1      | Reached XP level 2. HP: 29/29 MP: 7/7
   454 | D:1      | Reached XP level 3. HP: 32/35 MP: 9/9
   476 | D:1      | Reached skill level 5 in Spellcasting
   747 | D:2      | Learned a level 3 spell: Mephitic Cloud
   777 | D:2      | Reached skill level 1 in Invocations
   854 | D:2      | Reached skill level 1 in Short Blades
   854 | D:2      | Reached skill level 1 in Axes
   854 | D:2      | Reached skill level 1 in Maces & Flails
   854 | D:2      | Reached skill level 1 in Polearms
   854 | D:2      | Reached skill level 1 in Staves
   854 | D:2      | Reached skill level 1 in Slings
   854 | D:2      | Reached skill level 1 in Bows
   854 | D:2      | Reached skill level 1 in Crossbows
   854 | D:2      | Reached skill level 1 in Armour
   854 | D:2      | Reached skill level 1 in Shields
   854 | D:2      | Reached skill level 1 in Unarmed Combat
   854 | D:2      | Reached skill level 1 in Evocations
  1037 | D:2      | Found a white marble altar of Elyvilon.
  1045 | D:2      | Found an ancient bone altar of Kikubaaqudgha.
  1069 | D:2      | Noticed Sigmund
  1147 | D:2      | Killed Sigmund
  1147 | D:2      | Reached skill level 1 in Conjurations
  1147 | D:2      | Reached skill level 1 in Hexes
  1147 | D:2      | Reached skill level 1 in Summonings
  1147 | D:2      | Reached skill level 1 in Necromancy
  1147 | D:2      | Reached skill level 1 in Translocations
  1147 | D:2      | Reached skill level 1 in Transmutations
  1147 | D:2      | Reached skill level 1 in Fire Magic
  1147 | D:2      | Reached skill level 1 in Ice Magic
  1147 | D:2      | Reached skill level 1 in Air Magic
  1147 | D:2      | Reached skill level 1 in Earth Magic
  1147 | D:2      | Reached skill level 1 in Poison Magic
  1147 | D:2      | Reached XP level 4. HP: 9/41 MP: 9/11
  1147 | D:2      | Reached XP level 5. HP: 10/47 MP: 9/12
  1207 | D:2      | Found a burning altar of Makhleb.
  1209 | D:2      | Found a shimmering altar of Xom.
  1453 | D:2      | Reached XP level 6. HP: 47/53 MP: 13/13
  2244 | D:3      | Slain by a gnoll

Levels and vault maps discovered:
D:1:      lemuel_arrival_river_bridge, layout_loops_ring
D:2:      layout_rooms, minitemple, minmay_misc_feat_more_columns, uniq_sigmund
D:3:      layout_loops_cross, ebering_ghost_reflecting_pool, first_ration,
          elyvilon_altar_1

Skill      XL: |  1  2  3  4  5  6 |
---------------+-------------------+-----
Charms         | 2 |  2.6
Spellcasting   | 5 |  5.3
Invocations    | 1 2 |  2.1
Short Blades   | 1 2 |  2.0
Axes           | 1 2 |  2.0
Maces & Flails | 1 2 |  2.0
Polearms       | 1 2 |  2.0
Staves         | 1 2 |  2.0
Slings         | 1 2 |  2.0
Bows           | 1 2 |  2.0
Crossbows      | 1 2 |  2.0
Armour         | 1 2 |  2.0
Shields        | 1 2 |  2.0
Unarmed Combat | 1 2 |  2.0
Evocations     | 1 2 |  2.0
Long Blades    | 3 |  3.2
Throwing       | 3 |  3.2
Dodging        | 3 |  3.2
Conjurations   | 1 |  1.5
Hexes          | 1 |  1.5
Summonings     | 1 |  1.5
Necromancy     | 1 |  1.5
Translocations | 1 |  1.5
Transmutations | 1 |  1.5
Fire Magic     | 1 |  1.5
Ice Magic      | 1 |  1.5
Air Magic      | 1 |  1.5
Earth Magic    | 1 |  1.5
Poison Magic   | 1 |  1.5
Stealth        | 3 |  3.1
Fighting       | |  6.8

Action                   |  1- 3 |  4- 6 || total
-------------------------+-------+-------++-------
Melee: Falchion          |   161 |   117 ||   278
       Bite              |    19 |     8 ||    27
       Punch             |     1 |     1 ||     2
 Fire: Blowgun           |     4 |       ||     4
Throw: Tomahawk          |     2 |       ||     2
 Cast: Mephitic Cloud    |     2 |       ||     2
  Use: Potion            |     2 |       ||     2
       Scroll            |       |     4 ||     4
 Stab: Sleeping          |     6 |     1 ||     7
       Confused          |     4 |       ||     4
  Eat: Chunk             |       |    13 ||    13
Armor: Leather armour    |    37 |       ||    37
       Skin              |    14 |       ||    14
       Ring mail         |     5 |    48 ||    53
Dodge: Dodged            |    95 |    68 ||   163
Block: Other             |       |     3 ||     3
       Rpst.: Falchion   |    28 |    19 ||    47

Table legend:
 A = Non-vault XP
 B = Vault XP
 C = Vault XP percentage of total XP
 D = Non-vault monster count
 E = Vault monster count
 F = Vault count percentage of total count
                 A         B        C        D         E       F
            +---------+---------+-------+---------+---------+-------
      Total |     249 |     227 |  47.7 |      66 |       1 |   1.5
            +---------+---------+-------+---------+---------+-------
        D:1 |      49 |       0 |   0.0 |      26 |       0 |   0.0
        D:2 |      63 |     227 |  78.3 |      18 |       1 |   5.3
        D:3 |     137 |       0 |   0.0 |      22 |       0 |   0.0
            +---------+---------+-------+---------+---------+-------
